 Dungeon Crawl Stone Soup version 0.21-a0-157-gb89e0e2 (webtiles) character file.

31436 Lunath the Basher (level 13, -2/87 HPs)
             Began as a Gargoyle Gladiator on Aug 4, 2017.
             Was a High Priest of Okawaru.
             Splashed by an oklob plant's acid (7 damage)
             ... on level 4 of the Lair of Beasts.
             The game lasted 00:50:09 (14585 turns).

Lunath the Basher (Gargoyle Gladiator)             Turns: 14585, Time: 00:50:10

Health: -2/87      AC: 17    Str: 25    XL:     13   Next: 58%
Magic:  19/19      EV: 12    Int:  9    God:    Okawaru [*****.]
Gold:   952        SH: 11    Dex: 18    Spells: 12/12 levels left

rFire    + + .     SeeInvis .   n - +3 morningstar of Lunath's Prudence {flame, Str+5 Dex+4}
rCold    + + .     Gourm    .   B - +2 buckler
rNeg     + . .     Faith    .   Q - +0 chain mail {rF+}
rPois    ∞         Spirit   .   x - +1 helmet
rElec    +         Reflect  +   c - +0 cloak
rCorr    +         Harm     .   K - +0 pair of gloves
MR       +....                  l - +0 pair of boots
Stlth    ..........             z - +3 amulet of reflection
HPRegen  0.24/turn              e - ring of protection from magic
MPRegen  0.16/turn              M - ring of protection from cold

@: about to teleport, resistant, corroded
A: negative energy resistance 1, electricity resistance, unbreathing,
petrification resistance, rot immunity, AC +9
a: Heroism, Finesse, Renounce Religion


You were on level 4 of the Lair of Beasts.
You worshipped Okawaru.
Okawaru was extremely pleased with you.
You were not hungry.

You visited 2 branches of the dungeon, and saw 15 of its levels.
You also visited: Labyrinth.

You collected 952 gold pieces.

Inventory:

Hand Weapons
 n - the +3 morningstar of Lunath's Prudence (weapon) {flame, Str+5 Dex+4}
   (Okawaru gifted it to you in a labyrinth)

   It has been specially enchanted to burn those struck by it, causing extra
   injury to most foes and up to half again as much damage against particularly
   susceptible opponents.
   It affects your strength (+5).
   It affects your dexterity (+4).
 q - a +3 flail of protection
Missiles
 F - 4 poisoned javelins (quivered)
 R - 2 throwing nets
Armour
 c - a +0 cloak (worn)
 l - a +0 pair of boots (worn)
 x - a +1 helmet (worn)
 B - a +2 buckler (worn)
 D - a +1 shield of protection
 K - a +0 pair of gloves (worn)
 Q - a +0 chain mail of fire resistance (worn)
Jewellery
 d - a +3 ring of evasion
 e - a ring of protection from magic (left hand)
 m - an uncursed ring of protection from fire
 z - a +3 amulet of reflection (around neck)
 A - a +1 ring of evasion
 C - a +2 ring of protection
 I - an uncursed ring of stealth
 M - a ring of protection from cold (right hand)
Wands
 t - a wand of confusion (32/48)
 w - a wand of random effects (27/48)
 y - a wand of lightning (12/15)
 P - a wand of iceblast (12/15)
 T - a wand of confusion (17/48)
Scrolls
 i - 3 scrolls of teleportation
 j - 11 scrolls of identify
 r - 3 scrolls of recharging
 s - 3 scrolls of enchant weapon
 u - 5 scrolls of remove curse
 J - 4 scrolls of magic mapping
 N - 6 scrolls of amnesia
 S - 3 scrolls of enchant armour
 X - a scroll of fear
Potions
 b - 3 potions of flight
 k - a potion of might
 o - 3 potions of mutation
 p - 7 potions of curing
 v - 4 potions of brilliance
 H - 2 potions of berserk rage
 L - 2 potions of haste
Comestibles
 f - 9 bread rations
 g - 8 meat rations
 h - 15 royal jellies
 E - 12 fruits


   Skills:
 + Level 12.9 Fighting
 - Level 14.2 Maces & Flails
 - Level 1.7 Throwing
 + Level 7.0 Armour
 + Level 5.8 Dodging
 - Level 6.1 Shields
 + Level 8.6 Invocations


You had 12 spell levels left.
You didn't know any spells.

Dungeon Overview and Level Annotations

Branches:
Dungeon (11/15)            Temple (0/1) D:4            Lair (4/6) D:11
 Shoals (0/4) Lair:4        Snake (0/4) Lair:3          Orc (0/2) D:11

Altars:
Dithmenos
Elyvilon
Kikubaaqudgha
Okawaru
Qazlal
Ru
Sif Muna
Vehumet
Yredelemnul
The Shining One

Shops:
D:10 *   D:11 *

Annotations:
Lair:4 exclusion: 2 oklob plants


Innate Abilities, Weirdness & Mutations

You are resistant to torment.
Your stone body is resilient. (AC +9)
You are immune to poison.
You resist negative energy. (rN+)
You are resistant to electric shocks. (rElec)
You can survive without breathing.
You are immune to petrification.
You are immune to rotting.


Message History

You see here a scroll of teleportation.
i - 4 scrolls of teleportation (gained 1)
The oklob plant spits acid at you. The splash of acid hits you!
You are splashed with acid!
The acid burns!
* * * LOW HITPOINT WARNING * * *
Okay, then.
Okay, then.
You feel protected. The oklob plant spits acid at you.
The splash of acid hits you! You resist.
* * * LOW HITPOINT WARNING * * *
You are splashed with acid!
The acid burns!
You resist.
* * * LOW HITPOINT WARNING * * *
As you read the scroll of teleportation, it crumbles to dust.
You feel strangely unstable. The oklob plant spits acid at you.
The splash of acid hits you! You resist.
* * * LOW HITPOINT WARNING * * *
You are splashed with acid!
The acid burns!
You resist.
You die...

.........######'######
.....P...#.≈≈..!..≈≈P#
.........#P≈.......≈P#
.........#P≈.......≈P#
.........#P≈.......≈P#
.....#...#P≈.......≈P#
P......b.#P≈≈.....≈≈P#
......b..#####.).##### #######
.....)...# #..@# #####.#.#.##
....b....#############.##....#...
.................................
.....#...........................
....P.....................:...=..
....b..........................#.
........b..................##..<.
.......................#.....P...
........>.................#......


You could see 2 oklob plants.

Vanquished Creatures
  Kirke (Lair:4)
  A minotaur (Lab)
  5 hydras
  Harold (Lair:4)
  3 two-headed ogres (D:9)
  Erica (D:9)
  Pikel (D:6)
  An oklob plant (Lair:4)
  A manticore (Lair:4)
  2 ugly things (D:11)
  2 black mambas
  3 spiny frogs
  Psyche (D:9)
  4 komodo dragons
  A hornet (D:8)
  A slime creature (D:11)
  9 blink frogs
  7 hippogriffs
  A redback (Lab)
  A wraith (D:11)
  Sigmund (D:2)
  9 yaks
  3 wyverns
  2 basilisks
  4 hogs (Lair:4)
  5 hungry ghosts
  Menkaure (D:5)
  3 nagas (Lair:3)
  Edmund (D:5)
  4 wargs (D:11)
  8 water moccasins
  6 porcupines
  An orc warrior (D:11)
  3 sky beasts
  A phantom (D:6)
  4 ice beasts
  A centaur (D:6)
  23 wolves
  3 ogres
  9 crocodiles
  2 big kobolds
  11 bullfrogs
  Blork the orc (D:6)
  4 scorpions
  26 killer bees
  11 wights
  3 howler monkeys
  3 electric eels
  2 crimson imps (D:9)
  3 hounds
  A quasit (D:8)
  7 jellies
  8 orc priests
  Ijyb (D:3)
  2 bullfrog skeletons (D:9)
  7 orc wizards
  Crazy Yiuf (D:5)
  Natasha (thrice) (D:4 D:6)
  2 centaur skeletons
  4 iguanas
  Terence (D:3)
  6 worker ants
  3 hound zombies
  4 hound skeletons (D:7)
  A howler monkey zombie (D:7)
  Robin (D:3)
  2 worker ant zombies
  3 gnolls
  14 adders
  5 oozes (D:11)
  An adder zombie (D:6)
  An adder skeleton (D:9)
  5 worms
  5 dart slugs
  11 leopard geckos
  55 orcs
  3 ball pythons
  4 giant cockroaches
  18 goblins
  11 hobgoblins
  9 jackals
  2 quokkas
  7 bats
  7 frilled lizards
  A jackal zombie (D:7)
  21 kobolds
  3 leopard gecko skeletons (D:4)
  11 rats
  A spectral orc (D:2)
457 creatures vanquished.

Vanquished Creatures (others)
  2 humans (Lair:4)
2 creatures vanquished.

Grand Total: 459 creatures vanquished

Notes
Turn   | Place    | Note
-------+----------+-------------------------------------------
     0 | D:1      | Lunath the Gargoyle Gladiator began the quest for the Orb.
     0 | D:1      | Reached XP level 1. HP: 12/12 MP: 1/1
    43 | D:1      | Reached XP level 2. HP: 14/18 MP: 2/2
   695 | D:1      | Reached XP level 3. HP: 13/22 MP: 3/3
  1056 | D:1      | Reached skill level 4 in Maces & Flails
  1317 | D:2      | Reached XP level 4. HP: 27/28 MP: 4/4
  1482 | D:2      | Found an ancient bone altar of Kikubaaqudgha.
  1643 | D:2      | Found an iron altar of Okawaru.
  1654 | D:2      | Reached XP level 5. HP: 21/32 MP: 5/5
  1677 | D:2      | Became a worshipper of Warmaster Okawaru
  1742 | D:2      | Noticed Sigmund
  1759 | D:2      | Killed Sigmund
  1759 | D:2      | Reached skill level 5 in Maces & Flails
  1759 | D:2      | Reached XP level 6. HP: 32/39 MP: 4/6
  1818 | D:2      | Found a basalt altar of Yredelemnul.
  1981 | D:3      | Noticed Robin
  1987 | D:3      | Reached skill level 6 in Maces & Flails
  2279 | D:3      | Killed Robin
  2354 | D:3      | Found a faded altar of an unknown god.
  2521 | D:3      | Noticed Ijyb
  2547 | D:3      | Killed Ijyb
  2682 | D:3      | Noticed Terence
  2690 | D:3      | Killed Terence
  3062 | D:3      | Reached XP level 7. HP: 44/44 MP: 7/7
  3098 | D:4      | Found a shadowy altar of Dithmenos.
  3130 | D:4      | Reached skill level 5 in Fighting
  3130 | D:4      | Reached skill level 1 in Shields
  3279 | D:4      | Found a staircase to the Ecumenical Temple.
  3374 | D:4      | Reached * piety under Okawaru
  3678 | D:4      | Reached skill level 7 in Maces & Flails
  3697 | D:4      | Noticed Natasha
  3706 | D:4      | Killed Natasha
  3751 | D:4      | Reached skill level 1 in Invocations
  3830 | D:4      | Found a white marble altar of Elyvilon.
  3966 | D:4      | Reached XP level 8. HP: 50/50 MP: 8/8
  3983 | D:4      | Noticed Natasha
  3991 | D:4      | Killed Natasha
  4227 | D:5      | Entered Level 5 of the Dungeon
  4283 | D:5      | Found a sacrificial altar of Ru.
  4288 | D:5      | Noticed Menkaure
  4507 | D:5      | Noticed Edmund
  4519 | D:5      | Killed Edmund
  4618 | D:5      | Reached skill level 8 in Maces & Flails
  4686 | D:5      | Killed Menkaure
  4686 | D:5      | Reached ** piety under Okawaru
  4726 | D:5      | Found a glowing golden altar of the Shining One.
  4926 | D:5      | Found a runed door.
  4930 | D:5      | Noticed Crazy Yiuf
  4941 | D:5      | Killed Crazy Yiuf
  5184 | D:6      | Noticed Natasha
  5185 | D:6      | Noticed Pikel
  5194 | D:6      | Killed Natasha
  5203 | D:6      | Killed Pikel
  5203 | D:6      | Reached skill level 9 in Maces & Flails
  5203 | D:6      | Reached XP level 9. HP: 54/56 MP: 8/10
  5358 | D:6      | Reached skill level 5 in Shields
  5465 | D:6      | Reached *** piety under Okawaru
  5905 | D:6      | Noticed Blork the orc
  5919 | D:6      | Killed Blork the orc
  5980 | D:7      | Reached skill level 10 in Maces & Flails
  6344 | D:7      | Reached XP level 10. HP: 43/64 MP: 11/11
  6533 | D:7      | Found a deep blue altar of Sif Muna.
  6628 | D:8      | Found a radiant altar of Vehumet.
  6645 | D:8      | Reached **** piety under Okawaru
  6691 | D:8      | Reached skill level 11 in Maces & Flails
  6895 | D:8      | Received a gift from Okawaru
  7072 | D:9      | Noticed a two-headed ogre
  7092 | D:9      | Killed a two-headed ogre
  7192 | D:9      | Noticed a two-headed ogre
  7220 | D:9      | Found a stormy altar of Qazlal.
  7261 | D:9      | HP: 1/66 [two-headed ogre/giant club (19)]
  7349 | D:8      | Reached skill level 12 in Maces & Flails
  7613 | D:9      | Killed a two-headed ogre
  7613 | D:9      | Reached ***** piety under Okawaru
  7686 | D:9      | Reached XP level 11. HP: 67/71 MP: 12/12
  7688 | D:9      | Noticed Psyche
  7693 | D:9      | Noticed Erica
  7698 | D:9      | Killed Psyche
  7719 | D:9      | Killed Erica
  7719 | D:9      | Received a gift from Okawaru
  7719 | D:9      | Reached skill level 10 in Fighting
  7753 | D:9      | Noticed a two-headed ogre
  7772 | D:9      | Killed a two-headed ogre
  7772 | D:9      | Reached skill level 13 in Maces & Flails
  8031 | D:10     | Entered Level 10 of the Dungeon
  8228 | D:10     | Got a shimmering scarf
  8239 | D:10     | Identified the scarf of Pride {Int+3 Stlth+} (You found it on level 10 of the Dungeon)
  8258 | D:10     | Found Yptuyzyg's General Store.
  8745 | D:11     | Found a staircase to the Lair.
  8788 | D:11     | Received a gift from Okawaru
  8935 | D:11     | Found Jeujakop's Assorted Antiques.
  9063 | D:11     | Noticed a green ugly thing
  9102 | D:11     | Killed a green ugly thing
  9122 | D:11     | Reached skill level 14 in Maces & Flails
  9342 | D:11     | Found a staircase to the Orcish Mines.
  9385 | D:11     | Noticed a green ugly thing
  9402 | D:11     | Killed a green ugly thing
  9532 | D:11     | Reached XP level 12. HP: 54/80 MP: 12/15
  9746 | Lair:1   | Entered Level 1 of the Lair of Beasts
  9770 | Lair:1   | Reached skill level 1 in Armour
 10070 | Lair:1   | Reached skill level 5 in Invocations
 10846 | Lair:2   | Noticed a five-headed hydra
 10857 | Lair:2   | Killed a five-headed hydra
 10970 | Lair:2   | Received a gift from Okawaru
 11824 | Lair:3   | Noticed a four-headed hydra
 11830 | Lair:3   | Killed a four-headed hydra
 11919 | Lair:3   | Found a staircase to the Snake Pit.
 12069 | Lair:3   | Reached skill level 5 in Armour
 12212 | Lair:3   | Noticed a six-headed hydra
 12222 | Lair:3   | Killed a six-headed hydra
 12222 | Lair:3   | Reached XP level 13. HP: 61/86 MP: 16/18
 12530 | Lair:4   | Found a labyrinth entrance.
 12537 | Lab      | Entered a labyrinth
 12687 | Lab      | Received a gift from Okawaru
 12688 | Lab      | Got a shimmering morningstar {god gift}
 12689 | Lab      | Identified the +3 morningstar of Lunath's Prudence {flame, Str+5 Dex+4} (Okawaru gifted it to you in a labyrinth)
 12695 | Lab      | Got a slimy flail
 12700 | Lab      | Identified the +5 flail "Upluf" {flame, +Rage Int+4} (You found it in a labyrinth)
 12871 | Lab      | Noticed a minotaur
 12885 | Lab      | Killed a minotaur
 12885 | Lab      | Reached skill level 5 in Dodging
 12914 | Lair:4   | Noticed Kirke
 12931 | Lair:4   | Killed Kirke
 13116 | Lair:4   | Noticed Harold
 13126 | Lair:4   | Killed Harold
 13438 | Lair:4   | Received a gift from Okawaru
 13452 | Lair:4   | Found a staircase to the Shoals.
 14585 | Lair:4   | Splashed by an oklob plant's acid

Vault maps used:
D:1:      matt_arrival_spirals
D:2:      kiku_gazebo_garden_becter, yredelemnul_forgotten_temple_becter,
          okawaru_altar_gauntlet_db, uniq_sigmund
D:3:      chequers_ecumenical_altar_simple, first_bread, uniq_ijyb, uniq_robin,
          uniq_terence
D:4:      kb_forest_paths, old_standard_altar, elyvilon_altar_4,
          minmay_temple_entry_statues_pillars, uniq_natasha
D:5:      lemuel_ice_spiral_2, grunt_temple_overflow_open, uniq_edmund,
          uniq_menkaure, uniq_crazy_yiuf_cottage
D:6:      sigmund_army, uniq_pikel, uniq_blork_the_orc
D:7:      kennysheep_mini_moat
D:8:      vehumet_crystals, kennysheep_crisscross
D:9:      old_standard_altar, uniq_erica, uniq_psyche
D:10:     serial_shops, shop
D:11:     david_lair_generic, minmay_orc_entry_guard_dogs, serial_shops,
          kennysheep_mini, hangedman_little_slice_of_home, uniq_sonja
Lair:1:   grunt_megastairs_2
Lair:3:   guppyfry_snake_entry_island, beast_lair_carwin_2
Lair:4:   dpeg_oklob_gauntlet, minmay_shoals_entry_beasts, lab_entry_generic,
          serial_bayou, serial_bayou_shore_b, serial_bayou_crossing,
          serial_bayou_lagoon_a, serial_bayou_pond_e, lemuel_fruit_fields,
          uniq_kirke, uniq_harold
Lab:      labyrinth_mini_lab, nicolae_lab_diamond, lab_hedge, labyrinth_glass_1,
          nicolae_lab_dead_end, nicolae_lab_arrow

Skill      XL: |  1  2  3  4  5  6  7  8  9 10 11 12 13 |
---------------+----------------------------------------+-----
Maces & Flails | 4 5 6 7 9 10 12 14 | 14.2
Fighting       | 3 4 5 6 8 9 11 12 | 12.9
Shields        | 2 4 6 |  6.1
Invocations    | 1 2 4 7 8 |  8.6
Armour         | 5 7 |  7.0
Dodging        | 4 5 |  5.8
Throwing       | |  1.7

Action                   |  1- 3 |  4- 6 |  7- 9 | 10-12 | 13-15 || total
-------------------------+-------+-------+-------+-------+-------++-------
Melee: Flail             |   162 |   264 |   456 |  1087 |    18 ||  1987
       Morningstar       |       |       |       |       |   160 ||   160
Invok: Heroism           |       |       |     7 |    18 |     5 ||    30
       Finesse           |       |       |       |     3 |     4 ||     7
Evoke: Wand              |       |       |       |       |     3 ||     3
  Use: Scroll            |     3 |     9 |     6 |     7 |     6 ||    31
       Potion            |       |       |     1 |     1 |     1 ||     3
 Stab: Held in net/web   |       |       |       |       |     2 ||     2
  Eat: Chunk             |     2 |     6 |    11 |    20 |     5 ||    44
       Royal jelly       |       |       |       |       |     3 ||     3
Armor: Leather armour    |    79 |   112 |       |       |       ||   191
       Ring mail         |       |    41 |     9 |       |       ||    50
       Chain mail        |       |       |   248 |   619 |    77 ||   944
Dodge: Dodged            |   156 |   207 |   134 |   435 |    70 ||  1002
Block: Buckler           |       |     4 |   185 |   590 |    80 ||   859
       Reflection        |       |       |     4 |     6 |     5 ||    15
